 Dungeon Crawl Stone Soup version 0.29.1-2-gbd0b4ee654 (webtiles) character file.

Game seed: 14212186500259548278

4059 GigaChad the Cleaver (level 10, 0/88 HPs)
             Began as a Minotaur Fighter on Nov 21, 2022.
             Was an Elder of Fedhas.
             Engulfed by a cloud of steam (16 damage)
             ... on level 8 of the Dungeon.
             The game lasted 00:11:41 (6756 turns).

GigaChad the Cleaver (Minotaur Fighter)             Turns: 6756, Time: 00:11:41

Health: 0/88       AC:  8    Str: 33    XL:     10   Next: 4%
Magic:  9/9        EV: 13    Int:  5    God:    Fedhas [****..]
Gold:   277        SH: 12    Dex: 25    Spells: 9/9 levels left

rFire   x . .      SeeInvis .   a - +4 war axe
rCold   + . .      Faith    .   G - +0 kite shield
rNeg    . . .      Spirit   .   F - +2 ring mail of the Carpenter {Str+4 Dex+4}
rPois   .          Reflect  .   (helmet restricted)
rElec   +          Harm     .   (no cloak)
rCorr   .          Rampage  .   (no gloves)
Will    .....                   (no boots)
Stlth   ++........              n - amulet of regeneration
HPRegen 1.04/turn               t - +6 ring of dexterity
MPRegen 0.11/turn               u - ring of Neurosis {Ice *Corrode rElec Str+4 Dex+5}

@: no status effects
A: horns 2, retaliatory headbutt
a: Renounce Religion, Wall of Briars, Grow Ballistomycete, Overgrow


You were on level 8 of the Dungeon.
You worshipped Fedhas.
Fedhas was greatly pleased with you.
You visited 2 branches of the dungeon, and saw 9 of its levels.

You collected 277 gold pieces.

Inventory:

Hand Weapons
 a - a +4 war axe (weapon)
 l - a +3 mace
 B - a +0 longbow
 E - a +2 long sword of flaming
Missiles
 w - a throwing net (quivered)
Armour
 b - a +0 scale mail
 c - a +0 buckler
 F - the +2 ring mail of the Carpenter (worn) {Str+4 Dex+4}
   (You found it on level 7 of the Dungeon)

   Str:       It affects your strength (+4).
   Dex:       It affects your dexterity (+4).
 G - a +0 kite shield (worn)
Jewellery
 n - an amulet of regeneration (around neck)
 o - an amulet of the acrobat
 t - a +6 ring of dexterity (left hand)
 u - the ring of Neurosis (right hand) {Ice *Corrode rElec Str+4 Dex+5}
   (You acquired it on level 3 of the Dungeon)

   [ring of ice]

   It enhances your ice magic.
   Str:       It affects your strength (+4).
   Dex:       It affects your dexterity (+5).
   rF:        It makes you vulnerable to fire.
   rC:        It protects you from cold.
   rElec:     It insulates you from electricity.
   *Corrode:  It may corrode you when you take damage.
Wands
 p - a wand of quicksilver (10)
 q - a wand of flame (31)
Scrolls
 e - 7 scrolls of identify
 g - a scroll of torment {unknown}
 j - 3 scrolls of noise {unknown}
 s - a scroll of magic mapping
 x - 2 scrolls of blinking {unknown}
 y - 3 scrolls of teleportation
 D - 3 scrolls of enchant weapon
Potions
 d - a potion of might
 f - a potion of curing {unknown}
 h - a potion of magic {unknown}
 i - a potion of resistance {unknown}
 k - 2 potions of heal wounds {unknown}
 m - a potion of cancellation {unknown}
 r - 3 potions of mutation {unknown}
 v - 4 potions of haste {unknown}
 z - 2 potions of ambrosia {unknown}
 A - a potion of berserk rage {unknown}
 C - a potion of experience {unknown}


   Skills:
 + Level 8.1 Fighting
 + Level 11.4 Axes
 + Level 8.6 Armour
 + Level 4.3 Dodging
 + Level 1.1 Stealth
 + Level 6.9 Shields


You had 9 spell levels left.
You didn't know any spells.
Your spell library contained the following spells:

 Spells                   Type           Power      Damage    Failure   Level
 Sting                    Tmut/Pois      0%         1d3       88%         1
 Ensorcelled Hibernation  Hex/Ice        0%         N/A       95%         2
 Passwall                 Tmut/Erth      0%         N/A       95%         2
 Poisonous Vapours        Pois/Air       0%         N/A       95%         2
 Gell's Gravitas          Tloc           0%         N/A       99%         3
 Lesser Beckoning         Tloc           0%         N/A       99%         3
 Swiftness                Air            0%         N/A       99%         3
 Teleport Other           Tloc           0%         N/A       99%         3
 Olgreb's Toxic Radiance  Pois           0%         N/A       100%        4


Dungeon Overview and Level Annotations

Branches:
Dungeon (8/15)             Temple (1/1) D:7            Lair (0/5) D:8

Altars:
Ashenzari
Cheibriados
Dithmenos
Elyvilon
Fedhas
Gozag
Kikubaaqudgha
Makhleb
Okawaru
Qazlal
Ru
Sif Muna
Trog
Uskayaw
Vehumet
Xom
Yredelemnul
Zin
The Shining One

Shops:
D:3 ([


Innate Abilities, Weirdness & Mutations

You have a pair of horns on your head.
You reflexively headbutt those who attack you in melee.


Message History

You slice the troll!!
You kill the troll!
Fedhas appreciates your contribution to the ecosystem.
You slash the killer bee!
You kill the killer bee!
Fedhas appreciates your contribution to the ecosystem.
Your Fighting skill increases to level 8!
You have reached level 10!
A steam dragon comes into view.
A steam dragon is nearby!
The steam dragon hisses angrily.
You see here a troll corpse.
A two-headed ogre comes into view.
It is wielding a +0 giant spiked club and a +0 giant club.
The steam dragon closely misses you. You block the steam dragon's attack.
You slice the steam dragon!!
The steam dragon is almost dead.
The steam dragon breathes steam at you. The ball of steam hits you!!
The steam scalds you terribly!
You hear a shout! x2
You slash the steam dragon!
You kill the steam dragon!
Fedhas appreciates your contribution to the ecosystem.
The steam dragon scales are intact enough to wear.
You are engulfed in a cloud of scalding steam.
You hit the two-headed ogre but do no damage.
You are engulfed in a cloud of scalding steam.
The two-headed ogre closely misses you. You furiously retaliate!
You headbutt the two-headed ogre! The two-headed ogre misses you.
You closely miss the two-headed ogre. You headbutt the two-headed ogre!
The two-headed ogre is heavily wounded.
You are engulfed in a cloud of scalding steam.
* * * LOW HITPOINT WARNING * * *
The two-headed ogre hits you with a +0 giant spiked club.
* * * LOW HITPOINT WARNING * * *
The two-headed ogre barely misses you.
You slice the two-headed ogre!!
The two-headed ogre is severely wounded.
You are engulfed in a cloud of scalding steam.
You die...
Fedhas appreciates your contribution to the ecosystem.

####.....# #..#.....#
#........#
#.#......#########
#.#............... .
#.#........# ...
#.##.....#.### #..#
#..#.....#..†###....##
####.......##†..@O......
........................
.......................#
#####)###..##...........
#)# ##..............
#.##........###.....
#.#..#####..###......
#...# ##.........##
##..## #........


You could see a two-headed ogre.

Vanquished Creatures
  A troll (D:8)
  3 yaks (D:7)
  A steam dragon (D:8)
  2 water moccasins
  An orc warrior (D:7)
  A sky beast (D:7)
  3 ice beasts
  A black bear (D:6)
  3 ogres
  5 centaurs
  A phantom (D:7)
  A kobold brigand (D:7)
  A bullfrog (D:6)
  3 necrophages
  3 scorpions
  A gnoll sergeant (D:8)
  4 wights (D:7)
  4 killer bees (D:8)
  2 electric eels (D:4)
  6 hounds
  2 orc priests
  Jessica (D:3)
  4 orc wizards
  Ijyb (D:3)
  Natasha (thrice) (D:3)
  2 iguanas
  Robin (D:3)
  10 adders
  6 gnolls
  A shadow imp (D:6)
  2 white imps
  A worm (D:3)
  4 dart slugs
  17 orcs
  5 ball pythons
  5 bats
  4 endoplasms
  4 giant cockroaches
  8 goblins
  9 hobgoblins
  11 jackals
  7 quokkas
  A frilled lizard (D:2)
  12 kobolds
  2 rats (D:2)
170 creatures vanquished.

Notes
Turn   | Place    | Note
-------+----------+-------------------------------------------
     0 | D:1      | GigaChad the Minotaur Fighter began the quest for the Orb.
     0 | D:1      | Reached XP level 1. HP: 19/19 MP: 0/0
   287 | D:1      | Reached XP level 2. HP: 27/27 MP: 1/1
   609 | D:1      | Found a faded altar of an unknown god.
   628 | D:1      | Prayed at the altar of an unknown god.
   628 | D:1      | Became a worshipper of Fedhas Madash
   628 | D:1      | Reached * piety under Fedhas
  1052 | D:2      | Reached XP level 3. HP: 26/33 MP: 2/2
  1304 | D:2      | Reached skill level 3 in Axes
  1767 | D:2      | Reached XP level 4. HP: 30/41 MP: 3/3
  2059 | D:3      | Noticed Jessica
  2064 | D:3      | Killed Jessica
  2065 | D:3      | Reached skill level 5 in Armour
  2079 | D:3      | Found Xor Zug's Antique Weapon Boutique.
  2099 | D:3      | Reached ** piety under Fedhas
  2129 | D:3      | Noticed Robin
  2139 | D:3      | Reached XP level 5. HP: 45/47 MP: 4/4
  2140 | D:3      | Killed Robin
  2147 | D:3      | Found Zyutra's Antique Armour Shoppe.
  2219 | D:3      | Reached skill level 1 in Dodging
  2353 | D:3      | Noticed Natasha
  2358 | D:3      | Killed Natasha
  2359 | D:3      | Reached skill level 4 in Axes
  2416 | D:3      | Noticed Ijyb
  2422 | D:3      | Killed Ijyb
  2438 | D:3      | Identified a scroll of acquirement
  2438 | D:3      | Acquired the ring of Neurosis {Ice *Corrode rElec Str+4
                  | Dex+5}
  2574 | D:3      | Noticed Natasha
  2578 | D:3      | Killed Natasha
  2602 | D:3      | Noticed Natasha
  2606 | D:3      | Killed Natasha
  2607 | D:3      | Reached XP level 6. HP: 51/53 MP: 5/5
  2998 | D:4      | Reached skill level 5 in Axes
  3120 | D:4      | Found a transporter.
  3147 | D:4      | Found a transporter.
  3171 | D:4      | Reached skill level 5 in Fighting
  3530 | D:4      | Reached *** piety under Fedhas
  3562 | D:4      | Reached XP level 7. HP: 59/61 MP: 6/6
  3566 | D:4      | Reached skill level 6 in Axes
  3566 | D:4      | Reached skill level 5 in Shields
  4009 | D:5      | Entered Level 5 of the Dungeon
  4377 | D:5      | Reached skill level 7 in Axes
  4393 | D:5      | Reached XP level 8. HP: 67/69 MP: 7/7
  4650 | D:5      | Reached skill level 8 in Axes
  4856 | D:6      | Found an opulent altar of Gozag.
  5323 | D:6      | Reached skill level 9 in Axes
  5401 | D:7      | Reached **** piety under Fedhas
  5402 | D:7      | Reached XP level 9. HP: 78/78 MP: 8/8
  5419 | D:7      | Found a staircase to the Ecumenical Temple.
  5441 | Temple   | Entered the Ecumenical Temple
  5688 | D:7      | Reached skill level 1 in Stealth
  5743 | D:7      | Reached skill level 10 in Axes
  6234 | D:7      | Reached skill level 11 in Axes
  6344 | D:7      | Identified the +2 ring mail of the Carpenter {Str+4 Dex+4}
  6620 | D:8      | Found a staircase to the Lair.
  6733 | D:8      | Noticed a troll
  6741 | D:8      | Killed a troll
  6742 | D:8      | Reached XP level 10. HP: 81/88 MP: 9/9
  6749 | D:8      | Noticed a two-headed ogre
  6756 | D:8      | Engulfed by a cloud of steam

Illustrated notes

Levels and vault maps discovered:
D:1:      saegor_arrival_fortress, layout_loops_ring, basic_ecumenical_altar
D:2:      cheibrodos_pilgrimage, layout_basic
D:3:      layout_basic, serial_shops, shop, shop, minmay_cupped, uniq_ijyb,
          uniq_robin, uniq_natasha, uniq_jessica
D:4:      gammafunk_steamed_eel, layout_loops_corners
D:5:      layout_loops_ring
D:6:      hellmonk_crumbling_castle, layout_gridville, grunt_gozag_statues,
          nemelex_dance_club_becter
D:7:      layout_basic, minmay_temple_entry_slanted,
          minmay_misc_feat_four_crosses
D:8:      layout_rooms, nzn_wu_jian_contemplation, erik_lair_island, st_stairs_6
Temple:   minmay_crystal_spiral_temple

Skill      XL: |  1  2  3  4  5  6  7  8  9 |
---------------+----------------------------+-----
Shields        | 4 5 6 |  6.9
Fighting       | 4 5 6 8 |  8.1
Armour         | 4 5 6 7 8 |  8.6
Axes           | 3 4 5 7 9 11 | 11.4
Dodging        | 1 2 3 4 |  4.3
Stealth        | 1 |  1.1

Action                   |  1- 3 |  4- 6 |  7- 9 | 10-12 || total
-------------------------+-------+-------+-------+-------++-------
Melee: War axe           |   103 |   102 |   213 |     5 ||   423
       Headbutt          |     7 |     9 |    54 |     1 ||    71
  Use: Scroll            |     2 |     7 |     2 |       ||    11
Armor: Scale mail        |    74 |    39 |    55 |       ||   168
       Ring mail         |       |       |     3 |       ||     3
Dodge: Dodged            |    65 |    70 |   117 |     4 ||   256
Block: Buckler           |    30 |    32 |    74 |       ||   136
       Kite shield       |       |       |     4 |     1 ||     5
